 Dungeon Crawl Stone Soup version 0.30-a0-141-g30f27751c5 (webtiles) character file.

Game seed: 11742860639448117701

68 qw the Chopper (level 4, -10/28 HPs)
             Began as a Gargoyle Fighter on Sept 25, 2022.
             Killed by divine providence
             ... invoked by an orc priest
              (11 damage)
             ... on level 3 of the Dungeon.
             The game lasted 00:00:41 (2030 turns).

qw the Chopper (Gargoyle Fighter)                   Turns: 2030, Time: 00:00:41

Health: -10/28     AC: 14    Str: 21    XL:     4   Next: 19%
Magic:  4/4        EV:  9    Int:  9    God:
Gold:   75         SH:  4    Dex:  9    Spells: 3/3 levels left

rFire   . . .      SeeInvis .    Y - +0 war axe
rCold   . . .      Faith    .    c - +0 buckler
rNeg    + . .      Spirit   .    b - +0 scale mail
rPois   inf        Reflect  .    (no helmet)
rElec   +          Harm     .    (no cloak)
rCorr   .          Rampage  .    (no gloves)
Will    .....                    (no boots)
Stlth   ..........               (no amulet)
HPRegen 0.09/turn                e - +4 ring of protection
MPRegen 0.09/turn                (no ring)

@: no status effects
A: sickness immunity, AC +3, negative energy resistance 1, electricity
resistance, torment resistance 1, petrification resistance
a: no special abilities


You were on level 3 of the Dungeon.
You visited 2 branches of the dungeon, and saw 5 of its levels.

You collected 75 gold pieces.


Innate Abilities, Weirdness & Mutations

You are immune to sickness and miasma.
Your stone body is resilient. (AC +3)
You are immune to poison.
You resist negative energy. (rN+)
You are resistant to electric shocks. (rElec)
You are resistant to unholy torment.
You are immune to petrification.


   Skills:
 - Level 3.2 Fighting
 + Level 3.9 Axes
 - Level 3.2 Armour
 - Level 3.2 Shields


You had 3 spell levels left.
You didn't know any spells.
Your spell library was empty.

Inventory:

Hand Weapons
 a - a +0 flail
 Y - a +0 war axe (weapon)
Armour
 b - a +0 scale mail (worn)
 c - a +0 buckler (worn)
Jewellery
 e - a +4 ring of protection (left hand)
Potions
 d - 2 potions of might
 f - a potion of resistance {unknown}
 g - a potion of attraction
 h - a potion of flight {unknown}
 i - a potion of mutation {unknown}
 j - a potion of heal wounds {unknown}

Dungeon Overview and Level Annotations

Branches:
Dungeon (4/15)             Temple (1/1) D:4

Altars:
Dithmenos
Elyvilon
Gozag
Makhleb
Nemelex Xobeh
Qazlal
Ru
Sif Muna
Trog
Xom
Zin

Shops:
D:1 *   D:4 *


Message History

You feel less confused.
An orc comes into view. It is wielding a +0 club.
The orc priest invokes the aid of Beogh against you.
Beogh smites you!
The orc shouts!
2021 ||| Stepping ~*~*~tactically~*~*~ (hiding).
There is a stone staircase leading down here.
2022 ||| Stepping ~*~*~tactically~*~*~ (hiding).
2023 ||| Stepping ~*~*~tactically~*~*~ (hiding).
There is a stone staircase leading down here.
2024 ||| Stepping ~*~*~tactically~*~*~ (hiding).
2025 ||| Stepping ~*~*~tactically~*~*~ (hiding).
Found 3 stones.
The orc priest barely misses you.
You slash the orc priest!
The orc priest is severely wounded.
You closely miss the orc.
A jackal comes into view.
The orc priest looks satisfied for a moment.
The orc hits you but does no damage.
The jackal barks!
You hit the orc priest.
The orc priest is almost dead.
You barely miss the orc.
You hear a bark!
The orc hits you but does no damage.
You hit the orc priest.
You kill the orc priest!
You hit the orc. The orc hits you but does no damage.
The orc hits you with a +0 club. The orc hits you but does no damage.
You have reached level 4!
You feel clever.
You hit the orc.
The orc is heavily wounded.
You hit the orc priest. You hit the orc but do no damage.
An orc priest comes into view. It is wielding a +0 flail.
You block the orc's attack.
The orc priest invokes the aid of Beogh against you.
Beogh smites you!
You die...

.#.# #?#. .#.#.#
#.#.#.# (#.#$#o#
#.#.#.#. #.#.#.#.#
#.#.#.#.#
#.#.#.#.#.#.#.#.#
#.#o#o#.#.....#
#.#.#.#.#.....#.#
#.#.#h#o#>#.....#
......o@o....#.#.#
..#......[..#.#.#
#.........###
#.......###
..........#
##.....###. #.....
.. #..<.. ...
#.##.# ...


You could see 2 orc priests, 2 orcs and a jackal.

Vanquished Creatures
  An orc priest (D:3)
  3 ball pythons
  4 endoplasms
  A giant cockroach (D:2)
  5 goblins
  A hobgoblin (D:4)
  A quokka (D:4)
  2 bats
  16 frilled lizards
  3 kobolds
  8 rats
45 creatures vanquished.

Vanquished Creatures (others)
  A fungus (D:2)
1 creature vanquished.

Grand Total: 46 creatures vanquished

Notes
Turn   | Place    | Note
-------+----------+-------------------------------------------
     0 | D:1      | qw the Gargoyle Fighter began the quest for the Orb.
     0 | D:1      | Reached XP level 1. HP: 14/14 MP: 1/1
     0 | D:1      | 0 ||| qw: Version: 0.2-a-10-g399e6c4
     0 | D:1      | 0 ||| qw: Game counter: 165
     0 | D:1      | 0 ||| qw: Always use a shield: true
     0 | D:1      | 0 ||| qw: God list: Okawaru
     0 | D:1      | 0 ||| qw: Allow faded altars: false
     0 | D:1      | 0 ||| qw: Do Orc after D:15 true
     0 | D:1      | 0 ||| qw: Do second Lair branch before Depths: true
     0 | D:1      | 0 ||| qw: Lair rune preference: random
     0 | D:1      | 0 ||| qw: Plans: Normal, Zot:1-4, God:TSO, Crypt, Tomb,
                  | Pan, Slime:5, Hells, Abyss, Orb
     0 | D:1      | 0 ||| PLANNING D:1-11
   202 | D:1      | Found Wuankuax's General Store.
   296 | D:1      | 296 ||| SHOPLISTING +2 chain mail of positive energy (222
                  | gold, have 15).
   296 | D:1      | 296 ||| SHOPLISTING potion of curing (36 gold, have 15).
   296 | D:1      | 296 ||| SHOPLISTING potion of heal wounds (60 gold, have
                  | 15).
   360 | D:1      | 360 ||| Stepping ~*~*~tactically~*~*~ (stealth).
   368 | D:1      | 368 ||| Stepping ~*~*~tactically~*~*~ (stealth).
   369 | D:1      | 369 ||| Stepping ~*~*~tactically~*~*~ (stealth).
   371 | D:1      | 371 ||| Stepping ~*~*~tactically~*~*~ (stealth).
   372 | D:1      | 372 ||| Stepping ~*~*~tactically~*~*~ (stealth).
   379 | D:1      | Reached XP level 2. HP: 17/19 MP: 2/2
   390 | D:1      | 390 ||| Stepping ~*~*~tactically~*~*~ (stealth).
   752 | D:1      | 752 ||| DROPPING +0 club.
   758 | D:1      | Reached skill level 3 in Axes
   853 | D:1      | Reached XP level 3. HP: 19/23 MP: 3/3
  1115 | D:1      | 1115 ||| UPGRADING to +4 ring of protection.
  1116 | D:1      | 1116 ||| READING scroll labelled JIOFON QOSOHIRCH.
  1117 | D:1      | 1117 ||| READING scroll labelled LYSA QICARORI.
  1118 | D:1      | 1118 ||| READING scroll labelled ZAEL ORCHET.
  1167 | D:2      | 1167 ||| STAIRDANCE
  1266 | D:2      | 1266 ||| Stepping ~*~*~tactically~*~*~ (stealth).
  1278 | D:2      | 1278 ||| Stepping ~*~*~tactically~*~*~ (stealth).
  1295 | D:2      | 1295 ||| DROPPING +0 mace.
  1424 | D:2      | You fall into a shaft and drop 2 floors!
  1449 | D:4      | 1449 ||| Stepping ~*~*~tactically~*~*~ (hiding).
  1451 | D:4      | 1451 ||| Stepping ~*~*~tactically~*~*~ (hiding).
  1590 | D:4      | Found a staircase to the Ecumenical Temple.
  1591 | D:4      | 1591 ||| PLANNING TEMPLE
  1591 | D:4      | 1591 ||| DRINKING 2 yellow potions.
  1600 | Temple   | Entered the Ecumenical Temple
  1773 | Temple   | 1773 ||| PLANNING D:1-11
  1985 | D:4      | Found a sparkling altar of Nemelex Xobeh.
  2003 | D:4      | 2003 ||| DROPPING amulet of magic regeneration.
  2004 | D:4      | Found Vicuifim's Assorted Antiques.
  2013 | D:4      | 2013 ||| STAIRDANCE
  2020 | D:3      | HP: 2/23 [orc priest/divine providence (11)]
  2021 | D:3      | 2021 ||| Stepping ~*~*~tactically~*~*~ (hiding).
  2022 | D:3      | 2022 ||| Stepping ~*~*~tactically~*~*~ (hiding).
  2023 | D:3      | 2023 ||| Stepping ~*~*~tactically~*~*~ (hiding).
  2024 | D:3      | 2024 ||| Stepping ~*~*~tactically~*~*~ (hiding).
  2025 | D:3      | 2025 ||| Stepping ~*~*~tactically~*~*~ (hiding).
  2029 | D:3      | HP: 1/23 [orc/+0 club (2)]
  2030 | D:3      | Reached XP level 4. HP: 1/28 MP: 4/4
  2030 | D:3      | Killed from afar by an orc priest

Levels and vault maps discovered:
D:1:      spicycebolla_green_bress_n_ham, layout_loops_corners, serial_shops,
          nicolae_square_shop, minmay_lizard_pond
D:2:      layout_basic, shapermc_ecumenical_altar_acropolis, uniq_sigmund
D:3:      layout_basic, nicolae_wu_jian_wuxing_cycle, slow_altar_1
D:4:      layout_loops_corners, nicolae_vehumet_altar_sigil, lemuel_tele_altar,
          temple_fountains, serial_shops, nicolae_stop_n_shop_1, shop,
          nicolae_shop_window_shopping, uniq_pikel, uniq_natasha
Temple:   chequers_temple_sunken

Skill      XL: |  1  2 |
---------------+-------+-----
Axes           | 2 3 |  3.9
Fighting       | |  3.2
Armour         | |  3.2
Shields        | |  3.2

Action                   |  1- 3 |  4- 6 || total
-------------------------+-------+-------++-------
Melee: War axe           |   101 |     1 ||   102
  Use: Scroll            |     3 |       ||     3
       Potion            |     1 |       ||     1
Armor: Scale mail        |    32 |       ||    32
Dodge: Dodged            |    47 |       ||    47
Block: Buckler           |    18 |     1 ||    19

Table legend:
 A = Non-vault XP
 B = Vault XP
 C = Vault XP percentage of total XP
 D = Non-vault monster count
 E = Vault monster count
 F = Vault count percentage of total count
                 A         B        C        D         E       F
            +---------+---------+-------+---------+---------+-------
      Total |      87 |      11 |  11.2 |      34 |      11 |  24.4
            +---------+---------+-------+---------+---------+-------
        D:1 |      27 |      11 |  28.9 |      19 |      11 |  36.7
        D:2 |      12 |       0 |   0.0 |      10 |       0 |   0.0
        D:3 |      41 |       0 |   0.0 |       1 |       0 |   0.0
        D:4 |       7 |       0 |   0.0 |       4 |       0 |   0.0
            +---------+---------+-------+---------+---------+-------
